montu, chaotic male human Wizard -------- |.......# ------------- |......|# #............- |......|### #|.......>...| ----.--- # #|...........| ## ###|.........@Y- # #............| ### ###|..........$| # # ---------.--- ### ### ----.------- # |..........+## |..........|##### |...........# |.......<..| |..........| ------------ montu the Thaumaturge Experience level: 6 Strength: 12 Dexterity: 13 Constitution: 16 Intelligence: 18 Wisdom: 9 Charisma: 9 Health: 0(67) Energy: 10(28) Def: 1 Gold: 911 Moves: 2575 Dungeon seed: MI86j1cTRaKLqI9x Game ID: montu_1705267704 Your Inventory: Coins $ - 911 gold pieces Weapons a - a blessed +1 quarterstaff (weapon in hands) Armor e - an uncursed +0 cloak of magic resistance (being worn) q - an uncursed +0 mummy wrapping Comestibles k - 2 uncursed food rations u - 2 uncursed carrots Scrolls l - an uncursed scroll of enchant weapon Potions w - an uncursed potion of oil x - an uncursed potion of healing Rings z - an uncursed ring of slow digestion Wands b - an uncursed wand of striking (0:0) y - an uncursed wand of fire (0:7) Tools h - an uncursed blindfold Gems n - 2 uncursed worthless pieces of red glass r - an uncursed worthless piece of green glass Spells and supernatural/magical abilities: Name Level Category Cost Memory a - force bolt 1 attack 8pw 96% l - light 1 divination 12pw 99% m - magic missile 2 attack 16pw 96% n - detect monsters 1 divination 12pw 96% r - remove curse 3 clerical 37pw 96% x - extra healing 3 healing 37pw 97% H - speed monster 3 escape 37pw 99% T - turn undead 6 clerical 100pw 99% W - pray for help -- divine ? -- Your skills at the end: Fighting Skills wands [Basic] Weapon Skills quarterstaff [Basic] Spellcasting Skills attack spells [Basic] enchantment spells [Basic] Final Attributes: You were piously aligned. You were magic resistant. You were telepathic. You last prayed 44 turns ago. Anhur was noncommittal. You are dead. Vanquished creatures: a leprechaun an ape a rock mole a shrieker a violet fungus a kobold mummy 7 giant ants a little dog a floating eye 7 hill orcs an iguana an acid blob 2 hobbits 2 manes a brown mold a yellow mold 2 garter snakes a gecko 2 jackals 2 kobolds a goblin 2 sewer rats 9 grid bugs 3 lichens 7 newts 59 creatures vanquished. Voluntary challenges: You used a wielded weapon 72 times, starting on turn 284. You read items or engraved 71 times, starting on turn 474. You never genocided any monsters. You never polymorphed an object. You never changed form. You used no wishes. You never split a pudding. You wrote Elbereth's name 1 time, starting on turn 1914. You never violated your personal moral code. Dungeon overview: The Dungeons of Doom: levels 1 to 6 Level 1 a vault a long staircase Level 2 an altar to Thoth, a vault Level 3 a fountain Level 4 a fountain a long staircase Level 5 a fountain Level 6 <- You were here History has recorded: On T:1 you entered the Dungeons of Doom to retrieve the Amulet of Yendor! On T:420 you reached level 2 of The Dungeons of Doom. On T:676 you advanced to experience level 2. On T:825 you reached level 3 of The Dungeons of Doom. On T:1138 you reached level 4 of The Dungeons of Doom. On T:1186 you advanced to experience level 3. On T:1623 you reached level 5 of The Dungeons of Doom. On T:1698 you advanced to experience level 4. On T:2040 you advanced to experience level 5. On T:2409 you reached level 6 of The Dungeons of Doom. On T:2538 you advanced to experience level 6. Score breakdown: Gold: 911 (10068 points) Experience: 6 levels (12456 points) Exploration: 6 levels ( 13.04%) (10000 points) Discoveries: 4 items ( 1.34%) ( 3475 points) Valuables value: (no points given unless you survive) Artifact value: 0 ( 0 points) Variety of kills: 25 monsters ( 6.58%) ( 7694 points) Turncount: 2575 turns ( -374 points) Survival: died (score multiplied by 80%) Total score: 34655 Latest messages: You hit the ape! The ape hits! (2x) The ape bites! The force bolt misses the ape. The force bolt hits it. The ape hits! (2x) The ape bites! You hit the ape. The ape hits! (2x) The ape bites! You hit the ape. The ape hits! (2x) The ape bites! You miss the ape. The ape hits! (2x) The ape bites! You hit the ape! The ape hits! (2x) The ape bites! You begin praying to Anhur. The ape hits! You die... For some reason, you think that you can almost hear the Wizard laugh manically... Final status: Goodbye montu the Wizard, killed by an ape, while praying... You died in The Dungeons of Doom on dungeon level 6 with 34655 points, and 911 pieces of gold, after 2575 moves. You were level 6 with a maximum of 67 hit points when you died.